 Dungeon Crawl Stone Soup version 0.21-a0-380-gd65dc97 (webtiles) character file.

328 grizmgrazm2 the Magician (level 6, -4/32 HPs)
             Began as a Deep Elf Conjurer on Oct 17, 2017.
             Slain by a slave (6 damage)
             ... led by Pikel
             ... on level 5 of the Dungeon.
             The game lasted 00:09:48 (3596 turns).

grizmgrazm2 the Magician (Deep Elf Conjurer)        Turns: 3596, Time: 00:09:48

Health: -4/32      AC:  6    Str:  5    XL:     6   Next: 25%
Magic:  15/18      EV: 13    Int: 22    God:
Gold:   162        SH:  0    Dex: 15    Spells: 16/19 levels left

rFire    . . .     SeeInvis .   y - +0 dagger (venom)
rCold    . . .     Gourm    .   (no shield)
rNeg     . . .     Faith    .   a - +1 robe
rPois    .         Spirit   .   s - +1 hat
rElec    .         Reflect  .   (no cloak)
rCorr    .         Harm     .   o - +0 pair of gloves
MR       .....                  n - +0 pair of boots
Stlth    ++........             (no amulet)
HPRegen  0.10/turn              (no ring)
MPRegen  0.16/turn              (no ring)

@: no status effects
A: no striking features
a: no special abilities


You were on level 5 of the Dungeon.
You were hungry.

You visited 1 branch of the dungeon, and saw 5 of its levels.

You collected 162 gold pieces.

Inventory:

Hand Weapons
 p - a +0 short sword
 y - a +0 dagger of venom (weapon)
Armour
 a - a +1 robe (worn)
 n - a +0 pair of boots (worn)
 o - a +0 pair of gloves (worn)
 s - a +1 hat (worn)
Jewellery
 w - a +3 ring of intelligence {unknown}
Wands
 l - a wand of paralysis (10/24)
 m - a wand of enslavement (13/24)
 q - a wand of disintegration (3/24)
 t - a wand of clouds (3/9)
Scrolls
 h - a scroll of identify
 u - a scroll of immolation
Potions
 e - a potion of mutation {unknown}
 f - 5 potions of curing {unknown}
 g - 2 potions of invisibility {unknown}
 v - a potion of lignification {unknown}
 x - a potion of might {unknown}
Books
 b - a book of Conjurations

   Spells                             Type                      Level
   a - Magic Dart                     Conjuration                  1
   b - Searing Ray                    Conjuration                  2
   c - Dazzling Spray                 Conjuration/Hexes            3
   d - Fulminant Prism                Conjuration/Hexes            4
   e - Force Lance                    Conjuration/Translocation    4
   f - Iskenderun's Mystic Blast      Conjuration                  4
 i - a book of Misfortune

   Spells                             Type                      Level
   a - Confusing Touch                Hexes                        1
   b - Confuse                        Hexes                        3
   c - Gell's Gravitas                Translocation                3
   d - Petrify                        Transmutation/Earth          4
   e - Metabolic Englaciation         Hexes/Ice                    5
   f - Yara's Violent Unravelling     Hexes/Transmutation          5
 k - a book of Maledictions

   Spells                             Type                      Level
   a - Corona                         Hexes                        1
   b - Ensorcelled Hibernation        Hexes/Ice                    2
   c - Confuse                        Hexes                        3
   d - Tukima's Dance                 Hexes                        3
   e - Dazzling Spray                 Conjuration/Hexes            3
Comestibles
 c - 2 bread rations
 d - a royal jelly
 j - 3 fruits
 r - 2 meat rations


   Skills:
 - Level 2.4 Dodging
 - Level 2.4 Stealth
 * Level 7.4 Spellcasting
 + Level 6.0 Conjurations


You had 16 spell levels left.
You knew the following spells:

 Your Spells              Type           Power        Failure   Level  Hunger
a - Magic Dart            Conj           ####         1%          1    None
b - Searing Ray           Conj           ####..       1%          2    None


Dungeon Overview and Level Annotations

Branches:
Dungeon (5/15)
 Temple: D:4-7

Altars:
Ashenzari
Cheibriados
Dithmenos
Fedhas
Makhleb
Nemelex Xobeh
Qazlal
Xom

Annotations:
D:5 Pikel


Message History

The searing ray hits Pikel.
Pikel is moderately wounded.
You finish channeling your searing ray.
The slave hits you. Pikel barely misses you. The slave barely misses you.
Pikel hits you with a whip of freezing. Pikel freezes you.
The slave closely misses you. The slave hits you!
* * * LOW HITPOINT WARNING * * *
Pikel closely misses you. The slave hits you but does no damage.
Okay, then.
The slave misses you.
Okay, then.
As you read the scroll labeled PYIREOJIRGH, it crumbles to dust.
It is a scroll of identify.
u - a scroll of immolation The slave hits you.
* * * LOW HITPOINT WARNING * * *
The slave hits you but does no damage. The slave hits you.
You die...

#.# ##.##
.####...###
..........#
#####...###
##.## #.# #.#
##@## ##.p.##
##..p..##
##...p...##
#.....K...####.
+....p.........
#..####.####.##.
##.##.....##.##
.# #
#.......#..#.#


You could see Pikel and 4 slaves.

Vanquished Creatures
  The ghost of p0werm0de the Sneak, an amateur FeCK of Xom (D:5)
  A hound (D:4)
  2 orc wizards (D:4)
  Ijyb (D:4)
  A hound zombie (D:2)
  A worker ant zombie (D:5)
  7 adders
  2 worms
  A dart slug (D:2)
  A leopard gecko (D:5)
  5 orcs
  2 giant cockroaches (D:1)
  7 goblins
  10 hobgoblins
  2 jackals (D:2)
  9 kobolds
  4 bats
  5 frilled lizards
  8 rats
70 creatures vanquished.

Notes
Turn   | Place    | Note
-------+----------+-------------------------------------------
     0 | D:1      | grizmgrazm2 the Deep Elf Conjurer began the quest for the Orb.
     0 | D:1      | Reached XP level 1. HP: 10/10 MP: 6/6
   205 | D:1      | Reached XP level 2. HP: 15/15 MP: 6/8
   209 | D:1      | Learned a level 2 spell: Searing Ray
   435 | D:1      | Reached skill level 4 in Spellcasting
   950 | D:2      | Reached XP level 3. HP: 15/19 MP: 3/11
  1115 | D:2      | Reached skill level 5 in Conjurations
  1275 | D:2      | Reached skill level 5 in Spellcasting
  1331 | D:2      | Reached XP level 4. HP: 24/24 MP: 10/13
  1404 | D:2      | Found a shimmering altar of Xom.
  2183 | D:3      | Found a blossoming altar of Fedhas.
  2726 | D:4      | Noticed Ijyb
  2732 | D:4      | Killed Ijyb
  2732 | D:4      | Reached skill level 6 in Spellcasting
  2732 | D:4      | Reached XP level 5. HP: 28/28 MP: 8/15
  2982 | D:4      | Found a shattered altar of Ashenzari.
  3137 | D:4      | Reached skill level 7 in Spellcasting
  3296 | D:5      | Entered Level 5 of the Dungeon
  3311 | D:5      | Noticed p0werm0de's ghost (amateur FeCK)
  3319 | D:5      | Killed p0werm0de's ghost
  3319 | D:5      | Reached XP level 6. HP: 32/32 MP: 14/18
  3432 | D:5      | Found a shadowy altar of Dithmenos.
  3432 | D:5      | Found a burning altar of Makhleb.
  3451 | D:5      | Found a snail-covered altar of Cheibriados.
  3511 | D:5      | Found a sparkling altar of Nemelex Xobeh.
  3566 | D:5      | Found a stormy altar of Qazlal.
  3575 | D:5      | Noticed Pikel
  3576 | D:5      | Noticed a slave
  3576 | D:5      | Noticed a slave
  3578 | D:5      | Noticed a slave
  3582 | D:5      | Noticed a slave
  3596 | D:5      | Slain by a slave

Vault maps used:
D:1:      dpeg_chamrin_arrival_tetris, minmay_misc_feat_columns,
          serial_bayou_ford_a
D:2:      lemuel_coloured_pillars_altar
D:3:      marbit_many_paths, first_bread, serial_park_tiny_1,
          kennysheep_generic_room_7
D:4:      nicolae_overflow_crystal_walls, uniq_ijyb
D:5:      gammafunk_temple_overflow_forgotten, old_standard_altar,
          nemelex_xobeh_ov_fountains_minmay, basic_altar, minivault_1,
          kennysheep_okawaru_gauntlet, uniq_edmund, uniq_menkaure, uniq_pikel

Skill      XL: |  1  2  3  4  5  6 |
---------------+-------------------+-----
Spellcasting   | 4 5 6 7 |  7.4
Conjurations   | 5 6 |  6.0
Dodging        | |  2.4
Stealth        | |  2.4

Action                   |  1- 3 |  4- 6 || total
-------------------------+-------+-------++-------
Melee: Dagger            |       |     2 ||     2
 Cast: Magic Dart        |    57 |    81 ||   138
       Searing Ray       |     6 |    11 ||    17
  Use: Scroll            |       |     5 ||     5
  Eat: Chunk             |     1 |     2 ||     3
       Bread ration      |       |     1 ||     1
Armor: Robe              |     1 |     4 ||     5
Dodge: Dodged            |     5 |    21 ||    26

Table legend:
 A = Spawn XP
 B = Non-spawn XP
 C = Spawn XP percentage of total XP
 D = Spawn monster count
 E = Non-spawn monster count
 F = Spawn count percentage of total count
 G = Total turns spent on level
                    A         B        C        D         E        F      G
               +---------+---------+-------+---------+---------+-------+---------
         Total |       0 |     469 |   0.0 |       0 |      70 |   0.0 |  3596
               +---------+---------+-------+---------+---------+-------+---------
           D:1 |       0 |      39 |   0.0 |       0 |      27 |   0.0 |   896
           D:2 |       0 |      71 |   0.0 |       0 |      15 |   0.0 |   779
           D:3 |       0 |      62 |   0.0 |       0 |      15 |   0.0 |   935
           D:4 |       0 |     190 |   0.0 |       0 |      10 |   0.0 |   686
           D:5 |       0 |     107 |   0.0 |       0 |       3 |   0.0 |   300
               +---------+---------+-------+---------+---------+-------+---------
